 Dungeon Crawl Stone Soup version 0.23.2-1-ga50397a (webtiles) character file.

Game seed: 16369169187247722622

221 raph the Firebug (level 5, 0/42 HPs)
             Began as a Deep Elf Fire Elementalist on May 28, 2019.
             Killed by divine providence
             ... invoked by an orc priest
              (16 damage)
             ... on level 3 of the Dungeon.
             The game lasted 00:06:42 (2520 turns).

raph the Firebug (Deep Elf Fire Elementalist)       Turns: 2520, Time: 00:06:42

Health: 0/42       AC:  3    Str: 10    XL:     5   Next: 65%
Magic:  0/14       EV: 15    Int: 21    God:
Gold:   102        SH:  0    Dex: 15    Spells: 4/13 levels left

rFire    . . .     SeeInvis .   j - +2 hand axe (chop)
rCold    . . .     Gourm    .   (no shield)
rNeg     . . .     Faith    .   a - +0 robe
rPois    .         Spirit   .   w - +0 helmet (curse)
rElec    .         Reflect  .   (no cloak)
rCorr    .         Harm     .   (no gloves)
MR       .....                  (no boots)
Stlth    ..........             (no amulet)
HPRegen  0.14/turn              o - +2 ring of evasion
MPRegen  0.14/turn              x - ring of stealth

@: berserking, very slightly contaminated, very quick
A: no striking features
a: no special abilities


You were on level 3 of the Dungeon.
You were hungry.

You visited 1 branch of the dungeon, and saw 3 of its levels.

You collected 102 gold pieces.

Inventory:

Hand Weapons
 g - a +0 dagger
 j - a +2 hand axe of chopping (weapon)
Missiles
 n - 45 stones (quivered)
Armour
 a - a +0 robe (worn)
 w - a cursed +0 helmet (worn)
Jewellery
 o - a +2 ring of evasion (left hand)
 u - an uncursed ring of positive energy
 x - a ring of stealth (right hand)
Scrolls
 f - a scroll of remove curse {unknown}
 l - 3 scrolls of identify {unknown}
 p - a scroll of amnesia {unknown}
 q - a scroll of immolation {unknown}
 r - a scroll of random uselessness {unknown}
 s - a scroll of teleportation {unknown}
 v - 2 scrolls of magic mapping {unknown}
Potions
 d - a potion of flight {unknown}
 e - 2 potions of agility {unknown}
 h - a potion of mutation {unknown}
 i - 2 potions of curing
 k - a potion of degeneration {unknown}
 m - a potion of magic {unknown}
 z - a potion of invisibility {unknown}
Comestibles
 c - 5 rations
 t - 6 chunks of flesh


   Skills:
 - Level 2.4 Dodging
 - Level 2.4 Stealth
 + Level 4.7 Spellcasting
 + Level 3.1 Conjurations
 * Level 5.5 Fire Magic


You had 4 spell levels left.
You knew the following spells:

 Your Spells              Type           Power        Failure   Level  Hunger
a - Flame Tongue          Conj/Fire      ###..        1%          1    None
b - Throw Flame           Conj/Fire      ###...       2%          2    #......
c - Conjure Flame         Conj/Fire      ###.....     5%          3    ##.....
d - Inner Flame           Hex/Fire       ###.....     11%         3    ##.....

Your spell library contained the following spells:

 Spells                   Type           Power        Failure   Level  Hunger
 Sticky Flame             Conj/Fire      ###.....     19%         4    ####...
 Fireball                 Conj/Fire      ###.......   45%         5    ######.


Dungeon Overview and Level Annotations

Branches:
Dungeon (3/15)

Altars:
Xom


Message History

The orc priest hits you with a +0 hand axe!
Casting: Flame Tongue (safe; 1% risk of failure)
Confirm with . or Enter, or press ? or * to list all spells.
Aiming: Flame Tongue (safe; 1% risk of failure)
Press: ? - help, Shift-Dir - straight line, f/p - orc priest
Aim: an orc priest, wielding a +0 hand axe, wearing a +0 chain mail and wearing a +0 buckler (moderately wounded)
The flame tongue hits the orc priest but does no damage.
The orc priest is moderately wounded.
The orc priest completely misses you.
It was a potion of berserk rage.
A red film seems to cover your vision as you go berserk!
You feel yourself moving faster!
You feel mighty!
The orc priest looks encouraged for a moment.
You hit the orc priest.
The orc priest is heavily wounded.
You hit the orc priest.
The orc priest is heavily wounded.
The orc priest calls down the wrath of Beogh upon you.
Beogh smites you!
You die...

#.. ## .)#.
#).. #..#
#..# .#
#..## #.#
#...### ##..
#...o.# ...
##...@## #.#
###..†#+#..#
#.......#
##..)).##
#####.##
#..# ##^## .
#..# .. ##.#


You could see an orc priest.

Vanquished Creatures
  An orc priest (D:3)
  2 orc wizards (D:3)
  Terence (D:3)
  5 adders
  A worm (D:3)
  3 dart slugs
  2 leopard geckos
  An orc (D:3)
  5 bats
  A giant cockroach (D:2)
  8 goblins
  5 hobgoblins
  6 jackals
  3 kobolds
  2 quokkas (D:3)
  5 frilled lizards
  2 rats
53 creatures vanquished.

Notes
Turn   | Place    | Note
-------+----------+-------------------------------------------
     0 | D:1      | raph the Deep Elf Fire Elementalist began the quest for the
                  | Orb.
     0 | D:1      | Reached XP level 1. HP: 10/10 MP: 6/6
   213 | D:1      | Reached XP level 2. HP: 15/15 MP: 5/8
   272 | D:1      | Learned a level 2 spell: Throw Flame
   604 | D:1      | Found a shadowy altar of Dithmenos.
   606 | D:1      | Found an ornate altar of the Wu Jian Council.
   606 | D:1      | Found a shimmering altar of Xom.
   608 | D:1      | Found a sacrificial altar of Ru.
   608 | D:1      | Found a white marble altar of Elyvilon.
   608 | D:1      | Found a stormy altar of Qazlal.
   792 | D:1      | Reached skill level 4 in Fire Magic
   947 | D:2      | Reached XP level 3. HP: 18/19 MP: 6/10
  1423 | D:2      | Learned a level 3 spell: Conjure Flame
  1427 | D:2      | Learned a level 3 spell: Inner Flame
  1922 | D:3      | Noticed Terence
  1928 | D:3      | Killed Terence
  1928 | D:3      | Reached XP level 4. HP: 24/24 MP: 2/12
  2237 | D:3      | Reached skill level 5 in Fire Magic
  2401 | D:3      | Reached XP level 5. HP: 26/28 MP: 7/13
  2520 | D:3      | Killed from afar by an orc priest

Skill      XL: |  1  2  3  4  5 |
---------------+----------------+-----
Fire Magic     | 4 5 |  5.5
Conjurations   | 2 3 |  3.1
Spellcasting   | 4 |  4.7
Dodging        | |  2.4
Stealth        | |  2.4

Action                   |  1- 3 |  4- 6 || total
-------------------------+-------+-------++-------
Melee: Dagger            |     8 |       ||     8
       Hand axe          |       |    12 ||    12
 Cast: Flame Tongue      |    46 |    28 ||    74
       Throw Flame       |    13 |    12 ||    25
       Conjure Flame     |     1 |     2 ||     3
       Inner Flame       |       |     1 ||     1
  Use: Potion            |       |     1 ||     1
 Stab: Sleeping          |     1 |       ||     1
  Eat: Chunk             |     3 |     2 ||     5
Armor: Robe              |     4 |       ||     4
Dodge: Dodged            |    24 |     8 ||    32
